 Dungeon Crawl Stone Soup version 0.28.0-56-g4927b6849a (webtiles) character file.

Game seed: 8993810086996909920

25 NotaViper the Bolt Thrower (level 3, -6/27 HPs)
             Began as a Human Wanderer on Feb 8, 2023.
             Mangled by Terence
             ... wielding a +0 falchion
              (10 damage)
             ... on level 2 of the Dungeon.
             The game lasted 00:06:54 (921 turns).

NotaViper the Bolt Thrower (Human Wanderer)          Turns: 921, Time: 00:06:55

Health: -6/27      AC:  5    Str: 13    XL:     3   Next: 17%
Magic:  4/4        EV: 10    Int:  9    God:
Gold:   36         SH:  0    Dex: 16    Spells: 4/4 levels left

rFire   . . .      SeeInvis .   q - +0 whip
rCold   . . .      Faith    .   (no shield)
rNeg    . . .      Spirit   .   j - +0 ring mail
rPois   .          Reflect  .   (no helmet)
rElec   .          Harm     .   (no cloak)
rCorr   +          Rampage  .   (no gloves)
Will    .....                   (no boots)
Stlth   +.........              (no amulet)
HPRegen 0.09/turn               k - ring of resist corrosion
MPRegen 0.09/turn               (no ring)

@: no status effects
A: no striking features
a: no special abilities


You were on level 2 of the Dungeon.
You visited 1 branch of the dungeon, and saw 2 of its levels.

You collected 36 gold pieces.

Inventory:

Hand Weapons
 a - a +0 vorpal hunting sling
 c - a +0 hand crossbow
 i - a +0 dagger
 q - a +0 whip (weapon)
Missiles
 b - 7 sling bullets
 d - 21 bolts
 g - 54 stones (quivered)
Armour
 f - a +0 leather armour
 j - a +0 ring mail (worn)
 m - a +0 ring mail
 n - a +0 ring mail
Jewellery
 k - a ring of resist corrosion (left hand)
Scrolls
 o - a scroll of immolation {unknown}
 p - a scroll of enchant armour {unknown}
Potions
 h - a potion of attraction {unknown}
 l - a potion of degeneration {unknown}
Miscellaneous
 e - a piece from Xom's chessboard (15/15)


   Skills:
 + Level 2.2 Fighting
 + Level 2.3 Slings
 + Level 3.6 Crossbows
 + Level 1.0 Armour
 + Level 0.2 Dodging
 + Level 1.0 Spellcasting
 + Level 1.0 Evocations


You had 4 spell levels left.
You didn't know any spells.
Your spell library contained the following spells:

 Spells                   Type           Power      Damage    Failure   Level
 Dazzling Flash           Conj/Hex       0%         N/A       93%         3
 Agony                    Necr           0%         N/A       100%        5
 Silence                  Hex/Air        0%         N/A       100%        5


Dungeon Overview and Level Annotations

Branches:
Dungeon (2/15)

Altars:

Annotations:
D:2 Terence


Message History

A kobold comes into view. It is wielding a +0 dagger.
You shoot a sling bullet. The sling bullet hits Terence.
Terence is moderately wounded.
You shoot a sling bullet.
The sling bullet completely misses Terence.
c - a +0 hand crossbow (weapon)
Fire: 25 bolts
Press: ? - help, Q - select action, (/) - cycle Shift-Dir - straight line, f/p - Terence
Aim: Terence, wielding a +0 falchion and wearing a +0 scale mail (moderately wounded, 69% to hit)
You shoot a bolt. The bolt barely misses Terence.
Unknown command.
You shoot a bolt. The bolt completely misses Terence.
Terence completely misses you.
You shoot a bolt.
The bolt hits Terence but does no damage.
Terence is moderately wounded.
Terence hits you with a +0 falchion.
You shoot a bolt. The bolt completely misses Terence.
The bolt barely misses the kobold.
Terence hits you but does no damage.
Terence says, "Rest in peace."
Terence hits you with a +0 falchion.
q - a +0 whip (weapon)
You hit Terence but do no damage.
Terence is moderately wounded.
Terence hits you with a +0 falchion.
You closely miss Terence.
Terence is moderately wounded.
Terence hits you with a +0 falchion.
* * * LOW HITPOINT WARNING * * *
You barely miss Terence.
Terence is moderately wounded.
Terence hits you with a +0 falchion.
* * * LOW HITPOINT WARNING * * *
You hit Terence but do no damage.
Terence is moderately wounded.
Terence closely misses you.
You hit Terence but do no damage.
Terence is moderately wounded.
Terence closely misses you. Terence hits you with a +0 falchion!
You die...

#.. #.(..
.#...# ..)(.
#.(. ##.(#
#########..#
.......@@K#
...########


You could see Terence and a kobold.

Vanquished Creatures
  2 ball pythons (D:1)
  2 bats (D:1)
  3 endoplasms (D:1)
  3 hobgoblins (D:1)
  3 kobolds
  A quokka (D:1)
  4 frilled lizards (D:1)
  4 goblins (D:1)
  2 rats (D:1)
24 creatures vanquished.

Notes
Turn   | Place    | Note
-------+----------+-------------------------------------------
     0 | D:1      | NotaViper the Human Wanderer began the quest for the Orb.
     0 | D:1      | NotaViper set off with the following items: a +0 vorpal
                  | hunting sling, 17 sling bullets, a +0 hand crossbow, 25
                  | bolts, a piece from Xom's chessboard (15/15), a +0 leather
                  | armour
     0 | D:1      | Reached XP level 1. HP: 16/16 MP: 2/2
   250 | D:1      | Reached XP level 2. HP: 22/22 MP: 3/3
   658 | D:1      | Reached XP level 3. HP: 27/27 MP: 4/4
   905 | D:2      | Noticed Terence
   921 | D:2      | Mangled by Terence

Illustrated notes

Levels and vault maps discovered:
D:1:      dpeg_arrival_lava_temple_mockup, layout_loops_ring
D:2:      kennysheep_six_static_rooms, layout_basic, st_stairs_2,
          kennysheep_generic_room_6, uniq_natasha, uniq_terence, uniq_robin

Action                   || total
-------------------------++-------
Melee: Dagger            ||     4
       Punch             ||     1
       Whip              ||     5
 Fire: Hunting sling     ||    42
       Hand crossbow     ||     4
Armor: Ring mail         ||     8
Dodge: Dodged            ||    12
